 Dungeon Crawl Stone Soup version 0.19.1-1-g22dce08 (webtiles) character file.

277 esteth the Chopper (level 6, -3/52 HPs)
             Began as a Minotaur Fighter on Dec 31, 2016.
             Slain by a gnoll
             ... wielding a +0 spear
              (7 damage)
             ... on level 3 of the Dungeon.
             The game lasted 00:06:07 (1675 turns).

esteth the Chopper (Minotaur Fighter)               Turns: 1675, Time: 00:06:07

Health: -3/52      AC:  7    Str: 23    XL:     6   Next: 4%
Magic:  5/5        EV:  7    Int:  5    God:
Gold:   86         SH: 10    Dex:  9    Spells: 0 memorised, 5 levels left

rFire  . . .     SeeInvis .     a - +0 war axe
rCold  . . .     Gourm    .     b - +0 scale mail
rNeg   . . .     Faith    .     c - +1 shield
rPois  .         Spirit   .     (helmet restricted)
rElec  .         Reflect  .     (no cloak)
rCorr  +         Harm     .     (no gloves)
MR     +....                    (no boots)
Stlth  ..........               (no amulet)
                                k - ring of protection from magic
                                i - ring of resist corrosion

@: no status effects
A: retaliatory headbutt, horns 2
a: no special abilities


You were on level 3 of the Dungeon.
You were hungry.

You visited 1 branch of the dungeon, and saw 3 of its levels.

You collected 86 gold pieces.

Inventory:

Hand Weapons
 a - a +0 war axe (weapon)
Armour
 b - a +0 scale mail (worn)
 c - a +1 shield (worn)
Jewellery
 i - a ring of resist corrosion (left hand)
 j - an uncursed ring of magical power
 k - a ring of protection from magic (right hand)
 o - an uncursed ring of magical power
Scrolls
 g - 2 scrolls of remove curse
 l - 2 scrolls of magic mapping
 m - a scroll of fog
 u - a scroll of enchant armour
Potions
 d - a potion of might
Comestibles
 f - a bread ration
 h - a beef jerky
 s - 5 chunks of flesh
 t - a meat ration


   Skills:
 - Level 3.8 Fighting
 - Level 6.3 Axes
 + Level 5.5 Armour
 - Level 3.7 Shields


You had 5 spell levels left.
You didn't know any spells.

Dungeon Overview and Level Annotations

Branches:
Dungeon (3/15)

Altars:
Kikubaaqudgha
Xom


Innate Abilities, Weirdness & Mutations

You reflexively headbutt those who attack you in melee.
You have a pair of horns on your head.


Message History

The gnoll barely misses you.
The orc wizard points at you and mumbles some strange words.
The magic dart hits you!
* * * LOW HITPOINT WARNING * * *
Things that are here:
a dagger; a robe; an orc corpse You slash the orc wizard!
The orc wizard is severely wounded.
You completely miss the gnoll. You block the gnoll's attack.
You block the orc wizard's attack. The gnoll barely misses you.
You hit the orc wizard.
You kill the orc wizard!
You have reached level 6!
Your experience leads to an increase in your attributes!
Increase (S)trength, (I)ntelligence, or (D)exterity?
You feel stronger.
Your shield prevents you from hitting the gnoll.
You block the gnoll's attack.
The gnoll hits you from afar with a spear!
You die...

#.............#.#####
#..##..###........<.#
#..##......##...###.#
#..##..###.##...#
#..##..###.##...#
#..##...........#
#...og..........# #
##)#)#####.###.####.#
##.#@# # .......
##.#(.# ####.#
#.###(# #.# ##<#..#
###.. ##.#.## ##.###
#....# ##...##
###..####.# #......
#.........# ##...##
#.#).###########.###


You could see a gnoll and an orc.

Vanquished Creatures
  3 orc wizards (D:3)
  A worker ant (D:3)
  5 gnolls
  5 adders
  An ooze (D:3)
  2 worms (D:2)
  2 dart slugs
  A leopard gecko (D:2)
  An orc (D:3)
  A ball python (D:3)
  2 bat zombies (D:2)
  4 giant cockroaches
  7 goblins
  5 hobgoblins
  A jackal (D:2)
  9 kobolds
  2 quokkas (D:3)
  5 bats (D:1)
  4 frilled lizards
  3 rats
64 creatures vanquished.

Notes
Turn   | Place    | Note
-------+----------+-------------------------------------------
     0 | D:1      | esteth the Minotaur Fighter began the quest for the Orb.
     0 | D:1      | Reached XP level 1. HP: 19/19 MP: 0/0
   104 | D:1      | Reached XP level 2. HP: 27/27 MP: 1/1
   160 | D:1      | Reached skill level 3 in Axes
   520 | D:2      | Reached XP level 3. HP: 33/33 MP: 2/2
   523 | D:2      | Found a shimmering altar of Xom.
   778 | D:2      | Reached skill level 4 in Axes
   786 | D:2      | Found an ancient bone altar of Kikubaaqudgha.
   973 | D:2      | Reached skill level 5 in Axes
   973 | D:2      | Reached XP level 4. HP: 38/40 MP: 3/3
  1550 | D:3      | Reached skill level 6 in Axes
  1550 | D:3      | Reached XP level 5. HP: 46/46 MP: 4/4
  1627 | D:3      | HP: 2/46 [gnoll/spear (6)]
  1668 | D:3      | Reached skill level 5 in Armour
  1674 | D:3      | Reached XP level 6. HP: 3/52 MP: 5/5
  1675 | D:3      | Slain by a gnoll

Skill      XL: |  1  2  3  4  5 |
---------------+----------------+-----
Axes           | 3 5 6 |  6.3
Armour         | 5 |  5.5
Fighting       | |  3.8
Shields        | |  3.7

Action                   |  1- 3 |  4- 6 || total
-------------------------+-------+-------++-------
Melee: War axe           |    76 |    98 ||   174
       Headbutt          |     6 |     7 ||    13
  Use: Scroll            |     2 |     6 ||     8
       Potion            |       |     3 ||     3
  Eat: Chunk             |       |     2 ||     2
Armor: Scale mail        |    38 |    42 ||    80
Dodge: Dodged            |    28 |    34 ||    62
Block: Shield            |    45 |    52 ||    97
